 Dungeon Crawl Stone Soup version 0.29-a0-284-gf9362112df (webtiles) character file.

Game seed: 5656287943624720408

80 mistaj the Skirmisher (level 4, -2/29 HPs)
             Began as a Gargoyle Monk on Mar 19, 2022.
             Slain by a crimson imp (3 damage)
             ... summoned by Natasha
             ... on level 3 of the Dungeon.
             The game lasted 00:02:57 (2579 turns).

mistaj the Skirmisher (Gargoyle Monk)               Turns: 2579, Time: 00:02:57

Health: -2/29      AC: 15    Str: 17    XL:     4   Next: 39%
Magic:  4/4        EV:  5    Int: 10    God:
Gold:   145        SH:  0    Dex: 12    Spells: 3/3 levels left

rFire   . . .      SeeInvis .   a - +0 hand axe
rCold   . . .      Faith    .   (no shield)
rNeg    + . .      Spirit   .   e - +0 plate armour
rPois   ∞          Reflect  .   (no helmet)
rElec   +          Harm     .   j - +0 cloak
rCorr   .          Rampage  .   (no gloves)
Will    .....                   (no boots)
Stlth   ..........              (no amulet)
HPRegen 0.09/turn               (no ring)
MPRegen 0.09/turn               (no ring)

@: no status effects
A: sickness immunity, AC +3, negative energy resistance 1, electricity
resistance, torment resistance 1, petrification resistance
a: no special abilities


You were on level 3 of the Dungeon.
You visited 1 branch of the dungeon, and saw 3 of its levels.

You collected 145 gold pieces.

Inventory:

Hand Weapons
 a - a +0 hand axe (weapon)
Armour
 e - a +0 plate armour (worn)
 j - a +0 cloak (worn)
Wands
 m - a wand of polymorph (8)
Scrolls
 b - 3 scrolls of identify {unknown}
 f - a scroll of teleportation {unknown}
 g - a scroll of immolation {unknown}
 h - a scroll of enchant armour {unknown}
 i - 2 scrolls of blinking {unknown}
 l - 3 scrolls of fog {unknown}
 n - a scroll of noise {unknown}
Potions
 c - a potion of ambrosia
 d - a potion of haste
 k - 2 potions of heal wounds {unknown}


   Skills:
 + Level 4.2 Fighting
 + Level 3.8 Axes
 + Level 1.3 Armour
 - Level 2.4 Dodging
 - Level 2.1 Stealth


You had 3 spell levels left.
You didn't know any spells.
Your spell library was empty.

Dungeon Overview and Level Annotations

Branches:
Dungeon (3/15)

Altars:

Annotations:
D:3 Natasha


Innate Abilities, Weirdness & Mutations

You are immune to sickness and miasma.
Your stone body is resilient. (AC +3)
You are immune to poison.
You resist negative energy. (rN+)
You are resistant to electric shocks. (rElec)
You are resistant to unholy torment.
You are immune to petrification.


Message History

Natasha is severely wounded.
Natasha claws you but does no damage.
The crimson imp blinks!
Natasha howls an incantation.
Natasha glows brightly for a moment.
Natasha claws you but does no damage.
You hit Natasha.
Natasha is severely wounded.
Natasha claws you.
* * * LOW HITPOINT WARNING * * *
The crimson imp blinks!
Natasha barely misses you.
You hit Natasha.
Natasha is severely wounded.
Natasha claws you.
* * * LOW HITPOINT WARNING * * *
Unknown command.
You closely miss Natasha.
Natasha is severely wounded.
Natasha casts a spell at you.
The magic dart hits you but does no damage.
Natasha claws you but does no damage.
Unknown command.
You barely miss Natasha.
Natasha is severely wounded.
You closely miss the crimson imp.
Natasha mumbles some strange words.
The crimson imp hits you but does no damage.
Natasha claws you but does no damage.
Unknown command.
You closely miss Natasha.
Natasha is severely wounded.
You barely miss the crimson imp. Natasha barely misses you.
The crimson imp hits you but does no damage.
The crimson imp attacks as you move away!
The crimson imp hits you but does no damage.
Natasha closely misses you.
Natasha mumbles some strange words.
You barely miss the crimson imp. You miss the crimson imp. You hit Natasha.
You completely miss the iron imp. Natasha claws you but does no damage.
The crimson imp hits you.
You die...

......#..#....#.
.........#......
..............#
..............# #.
....[.........##...
...........<.......
........55.........
......†h@..).....#
###...†5##.........
#.....†.........#
#..##.#..##.....#
...................
...........#.#.###.
........##...#.#
...#.#####...... .
#. ......


You could see an iron imp (summoned), Natasha (fast) and 2 crimson imps.

Vanquished Creatures
  3 adders
  A worm (D:2)
  A dart slug (D:1)
  5 ball pythons
  An endoplasm (D:1)
  2 giant cockroaches (D:1)
  4 goblins
  7 hobgoblins
  4 jackals
  2 quokkas
  3 bats (D:1)
  4 frilled lizards
  7 kobolds
  2 rats (D:2)
46 creatures vanquished.

Notes
Turn   | Place    | Note
-------+----------+-------------------------------------------
     0 | D:1      | mistaj the Gargoyle Monk began the quest for the Orb.
     0 | D:1      | Reached XP level 1. HP: 14/14 MP: 1/1
   252 | D:1      | Reached XP level 2. HP: 9/19 MP: 2/2
  1428 | D:1      | Reached XP level 3. HP: 21/24 MP: 3/3
  1437 | D:1      | Reached skill level 4 in Fighting
  2318 | D:2      | Reached XP level 4. HP: 25/29 MP: 4/4
  2521 | D:3      | Reached skill level 1 in Armour
  2555 | D:3      | Noticed Natasha
  2574 | D:3      | HP: 1/29 [Natasha (3)]
  2579 | D:3      | Slain by a crimson imp

Illustrated notes

Levels and vault maps discovered:
D:1:      mrwooster_arrival_statue_2, layout_loops_corners
D:2:      kennysheep_six_static_rooms, layout_loops_ring, lemuel_old_faithful
D:3:      layout_rooms, shapermc_ecumenical_altar_flowoftime, uniq_sigmund,
          uniq_natasha

Skill      XL: |  1  2  3  4 |
---------------+-------------+-----
Axes           | 3 |  3.8
Fighting       | 4 |  4.2
Armour         | 1 |  1.3
Dodging        | |  2.4
Stealth        | |  2.1

Action                   |  1- 3 |  4- 6 || total
-------------------------+-------+-------++-------
Melee: Hand axe          |   151 |    51 ||   202
       Punch             |     2 |       ||     2
 Stab: Sleeping          |     2 |       ||     2
Armor: Robe              |     4 |       ||     4
       Plate armour      |    90 |    54 ||   144
Dodge: Dodged            |    55 |    18 ||    73

Table legend: (Time is in decaauts)
 A = Elapsed time spent in this place.
 B = Non-inter-level travel time spent in this place.
 C = Inter-level travel time spent in this place.
 D = Time resting spent in this place.
 E = Time spent auto-exploring this place.
 F = Levels seen in this place.
 G = Mean time per level.
                   A        B        C        D        E       F      G
               +--------+--------+--------+--------+--------+-----+--------+
         Total |   2606 |   2594 |     12 |    510 |   1648 |   3 |  868.7 |
       Dungeon |   2606 |   2594 |     12 |    510 |   1648 |   3 |  868.7 |
               +--------+--------+--------+--------+--------+-----+--------+

Top non-repeatable levels by time:
     D:1: 1531 daAuts
     D:2: 980 daAuts
     D:3: 93 daAuts
